 Dungeon Crawl Stone Soup version 0.22-a0-196-gee22f2738c (webtiles) character file.

20839 Oddba11 the Cleaver (level 12, 0/112 HPs)
             Began as a Minotaur Berserker on Feb 17, 2018.
             Was an Elder of Trog.
             Slain by a seven-headed hydra (9 damage)
             ... on level 5 of the Lair of Beasts.
             The game lasted 00:34:19 (11784 turns).

Oddba11 the Cleaver (Minotaur Berserker)           Turns: 11784, Time: 00:34:19

Health: 0/112      AC: 19    Str: 22    XL:     12   Next: 48%
Magic:  11/11      EV: 15    Int:  2    God:    Trog [****..]
Gold:   858        SH:  0    Dex: 20    Spells: 11/11 levels left

rFire    . . .     SeeInvis .   K - +3 arbalest (flame)
rCold    + . .     Gourm    .   (shield currently unavailable)
rNeg     . . .     Faith    .   f - +2 chain mail of Undesirable Species {rElec rC+ MR+}
rPois    +         Spirit   .   (helmet restricted)
rElec    +         Reflect  .   O - scarf {cloud immunity}
rCorr    .         Harm     .   F - +2 pair of gloves
MR       +....     Clarity  +   x - +0 pair of boots
Stlth    ..........             z - amulet of regeneration
HPRegen  0.68/turn              P - ring of poison resistance
MPRegen  0.12/turn              b - +5 ring of dexterity

@: berserk cooldown, very slightly contaminated
A: retaliatory headbutt, horns 2, talons 1, camouflage 1, clarity, dopey 1
a: Berserk, Trog's Hand, Brothers in Arms, Burn Spellbooks, Renounce Religion


You were on level 5 of the Lair of Beasts.
You worshipped Trog.
Trog was greatly pleased with you.
You were very hungry.

You visited 2 branches of the dungeon, and saw 15 of its levels.

You collected 858 gold pieces.

Inventory:

Hand Weapons
 a - a +0 hand axe
 y - a +2 whip of electrocution
 H - a +0 whip of flaming
 K - a +3 arbalest of flaming (weapon)
Missiles
 L - 93 bolts (quivered)
Armour
 f - the +2 chain mail of Undesirable Species (worn) {rElec rC+ MR+}
   (You found it on level 5 of the Dungeon)

   It protects you from cold.
   It insulates you from electricity.
   It affects your resistance to hostile enchantments.
 x - a +0 pair of boots (worn)
 F - a +2 pair of gloves (worn)
 O - a scarf of cloud immunity (worn)
Jewellery
 b - a +5 ring of dexterity (right hand)
 n - an uncursed ring of fire
 z - an amulet of regeneration (around neck)
 P - a ring of poison resistance (left hand)
Wands
 e - a wand of disintegration (13)
 v - a wand of paralysis (33)
 D - a wand of polymorph (19)
 G - a wand of enslavement (4)
 J - a wand of random effects (12)
Scrolls
 k - 5 scrolls of amnesia
 o - 4 scrolls of teleportation
 q - a scroll of immolation
 s - a scroll of blinking
 u - 3 scrolls of enchant armour
 B - a scroll of magic mapping
 E - 4 scrolls of remove curse
 R - 2 scrolls of fog {unknown}
 S - a scroll of fear
 U - a scroll of acquirement {unknown}
 W - a scroll of enchant weapon
Potions
 d - 5 potions of brilliance
 g - 5 potions of curing
 h - a potion of invisibility
 i - 3 potions of heal wounds
 j - 4 potions of lignification
 l - 5 potions of might
 m - a potion of flight
 p - a potion of ambrosia
 C - 2 potions of magic
 I - a potion of resistance {unknown}
 M - a potion of agility {unknown}
 N - a potion of cancellation {unknown}
 V - a potion of berserk rage {unknown}
Books
 w - a book of Power

   Spells                             Type                      Level
   a - Iskenderun's Battlesphere      Conjuration/Charms           5
   b - Venom Bolt                     Conjuration/Poison           5
   c - Bolt of Magma                  Conjuration/Fire/Earth       5
   d - Iron Shot                      Conjuration/Earth            6
   e - Orb of Destruction             Conjuration                  7
   f - Spellforged Servitor           Conjuration/Summoning        7
   Trog disapproves of the use of such an item.
Miscellaneous
 A - a sack of spiders
Comestibles
 c - 26 rations


   Skills:
 + Level 11.8 Fighting
 + Level 11.8 Axes
 + Level 9.8 Crossbows
 + Level 11.5 Armour
 + Level 10.6 Dodging


You had 11 spell levels left.
You didn't know any spells.

Dungeon Overview and Level Annotations

Branches:
Dungeon (9/15)             Temple (0/1) D:7            Lair (6/6) D:9
  Swamp (0/4) Lair:2        Snake (0/4) Lair:2        Slime (0/5) Lair:5
    Orc: D:9-12

Altars:
Dithmenos
Elyvilon
Fedhas
Gozag
Hepliaklqana
Makhleb
Nemelex Xobeh
Okawaru
Qazlal
Ru
Wu Jian
Xom
Yredelemnul
The Shining One
Jiyva

Shops:
D:5 }   D:6 =   D:9 !*


Innate Abilities, Weirdness & Mutations

You reflexively headbutt those who attack you in melee.
You have a pair of horns on your head.
You have sharp toenails.
Your skin changes colour to match your surroundings (Stealth+).
You possess an exceptional clarity of mind.
You are dopey. (Int -2)


Message History

The bolt burns the seven-headed hydra.
The seven-headed hydra is severely wounded.
Firing (i - inventory)
L - 95 bolts (quivered)
Press: ? - help, Shift-Dir - straight line, f/p - seven-headed hydra
Aim: a seven-headed hydra (severely wounded)
You shoot a bolt.
The bolt barely misses the seven-headed hydra.
Firing (i - inventory)
L - 94 bolts (quivered)
Press: ? - help, Shift-Dir - straight line, f/p - seven-headed hydra
Aim: a seven-headed hydra (severely wounded)
You shoot a bolt. The bolt hits the seven-headed hydra!!
The bolt burns the seven-headed hydra.
The seven-headed hydra is almost dead.
The seven-headed hydra bites you but does no damage. x3
The seven-headed hydra closely misses you.
The seven-headed hydra barely misses you.
The seven-headed hydra bites you!
* * * LOW HITPOINT WARNING * * *
The seven-headed hydra bites you!
You die...

#.....##..[##
###....##!D..##
#.....(##.....#
##.....##...P####
#....(##.....#P#
#.....##P..PP#.#
##....##.#.PP..#
#....D####.P..##
#....@# #P....#
##....###)..P.#
##....##.PP..P#
#.....##.#.§P####
##.....####...##P#
#.#....# #...#.P#
##.....# ##.....#
##....# #......###
#.....# #P.....#P#


You could see a seven-headed hydra.

Vanquished Creatures
  A hydra (Lair:3)
  Urug (Lair:4)
  Pikel (D:6)
  An orc knight (D:8)
  3 oklob plants (Lair:5)
  Psyche (D:8)
  Joseph (D:8)
  A black mamba (Lair:5)
  6 spiny frogs
  2 rime drakes
  5 komodo dragons
  A troll (D:9)
  Prince Ribbit (D:6)
  A polar bear (Lair:4)
  A tyrant leech (Lair:2)
  7 blink frogs
  6 hippogriffs
  A wyvern (D:9)
  17 yaks
  2 hogs (D:9)
  A human (D:9)
  3 basilisks
  2 steam dragons (D:9)
  A vampire mosquito (D:8)
  3 swamp worms (Lair:2)
  5 water moccasins
  8 porcupines
  A black bear (D:9)
  3 orc warriors
  A sky beast (D:5)
  A slave (D:6)
  2 phantoms
  2 centaurs
  5 ogres
  3 wolves (Lair:1)
  8 crocodiles
  12 bullfrogs
  A wyvern zombie (D:6)
  2 scorpions
  An electric eel (Lair:1)
  4 crimson imps
  A howler monkey (D:9)
  A hound (D:9)
  A jelly (D:4)
  A centaur zombie (D:6)
  3 orc priests
  8 orc wizards
  Crazy Yiuf (D:2)
  3 iguanas
  7 worker ants
  A hound skeleton (D:9)
  2 howler monkey zombies (D:6)
  Robin (D:2)
  2 howler monkey skeletons
  12 adders
  2 shadow imps (D:5)
  3 oozes
  A dart slug (D:2)
  8 leopard geckos
  26 orcs
  3 ball pythons
  10 bats
  7 giant cockroaches
  12 goblins
  9 hobgoblins
  18 jackals
  7 quokkas
  6 frilled lizards
  A jackal zombie (D:8)
  2 kobolds (D:1)
  A leopard gecko skeleton (D:5)
  A leopard gecko zombie (D:5)
  7 rats
297 creatures vanquished.

Vanquished Creatures (collateral kills)
  2 yaks (Lair:2)
2 creatures vanquished.

Vanquished Creatures (others)
  A slave (D:6)
  A bullfrog zombie (D:6)
  40 plants (Lair:5)
42 creatures vanquished.

Grand Total: 341 creatures vanquished

Notes
Turn   | Place    | Note
-------+----------+-------------------------------------------
     0 | D:1      | Oddba11 the Minotaur Berserker began the quest for the Orb.
     0 | D:1      | Reached XP level 1. HP: 19/19 MP: 0/0
    50 | D:1      | Reached XP level 2. HP: 17/27 MP: 1/1
    51 | D:1      | Found an iron altar of Okawaru.
   534 | D:1      | Reached ** piety under Trog
   538 | D:1      | Reached XP level 3. HP: 24/33 MP: 2/2
  1139 | D:2      | Reached XP level 4. HP: 12/40 MP: 3/3
  1731 | D:2      | Found an ornate altar of the Wu Jian Council.
  1844 | D:2      | Found a shimmering altar of Xom.
  2029 | D:2      | Found a runed door.
  2085 | D:2      | Noticed Crazy Yiuf
  2089 | D:2      | Killed Crazy Yiuf
  2141 | D:2      | Noticed Robin
  2144 | D:2      | Reached *** piety under Trog
  2144 | D:2      | Reached XP level 5. HP: 42/47 MP: 4/4
  2149 | D:2      | Killed Robin
  2259 | D:2      | Found a faded altar of an unknown god.
  2503 | D:3      | Reached skill level 5 in Axes
  3016 | D:3      | Reached skill level 5 in Fighting
  3100 | D:4      | Reached XP level 6. HP: 54/56 MP: 5/5
  3185 | D:4      | Reached skill level 1 in Crossbows
  3185 | D:4      | Reached XP level 7. HP: 61/61 MP: 6/6
  3392 | D:4      | Reached skill level 5 in Armour
  3408 | D:4      | Reached **** piety under Trog
  3709 | D:5      | Entered Level 5 of the Dungeon
  4166 | D:5      | Found a basalt altar of Yredelemnul.
  4174 | D:5      | Got an ancient chain mail
  4185 | D:5      | Identified the +2 chain mail of Undesirable Species {rElec rC+ MR+} (You found it on level 5 of the Dungeon)
  4190 | D:5      | Found Zoiriaxi's Gadget Shop.
  4342 | D:5      | Reached skill level 5 in Dodging
  4527 | D:5      | Found an opulent altar of Gozag.
  4528 | D:5      | Found a sparkling altar of Nemelex Xobeh.
  4618 | D:6      | Found Kest's Jewellery Boutique.
  4640 | D:6      | Reached XP level 8. HP: 71/71 MP: 7/7
  4843 | D:6      | Noticed Prince Ribbit
  5028 | D:6      | Killed Prince Ribbit
  5047 | D:6      | Noticed Pikel
  5063 | D:6      | Killed Pikel
  5063 | D:6      | Reached XP level 9. HP: 78/79 MP: 8/8
  5100 | D:6      | Found a hazy altar of Hepliaklqana.
  5452 | D:7      | Found a shadowy altar of Dithmenos.
  5529 | D:7      | Found a stormy altar of Qazlal.
  5529 | D:7      | Found a burning altar of Makhleb.
  5530 | D:7      | Found a white marble altar of Elyvilon.
  5530 | D:7      | Found a sacrificial altar of Ru.
  5661 | D:7      | Found a staircase to the Ecumenical Temple.
  5786 | D:7      | Found a glowing golden altar of the Shining One.
  5863 | D:8      | Noticed Joseph
  5880 | D:8      | Killed Joseph
  5880 | D:8      | Reached skill level 5 in Crossbows
  6006 | D:8      | Noticed Psyche
  6180 | D:8      | Reached ***** piety under Trog
  6222 | D:8      | Noticed an orc knight
  6235 | D:8      | Killed an orc knight
  6269 | D:8      | Killed Psyche
  6269 | D:8      | Reached XP level 10. HP: 80/90 MP: 9/9
  6457 | D:8      | Found a blossoming altar of Fedhas.
  6945 | D:9      | Gained mutation: You have sharp toenails. [potion of mutation]
  6945 | D:9      | Gained mutation: Your skin changes colour to match your surroundings (Stealth+). [potion of mutation]
  6945 | D:9      | Gained mutation: You are dopey. (Int -2) [potion of mutation]
  6945 | D:9      | Gained mutation: You possess an exceptional clarity of mind. [potion of mutation]
  6971 | D:9      | Received a gift from Trog
  7136 | D:9      | Found Feuczac's Changing Room.
  7256 | D:9      | Found Poovvuado's Distillery.
  7709 | D:9      | Received a gift from Trog
  7729 | D:9      | Found a staircase to the Lair.
  7735 | Lair:1   | Entered Level 1 of the Lair of Beasts
  7795 | Lair:1   | Reached skill level 10 in Axes
  7795 | Lair:1   | Reached XP level 11. HP: 51/99 MP: 10/10
  7953 | Lair:1   | Reached skill level 10 in Fighting
  8048 | Lair:1   | Received a gift from Trog
  8330 | Lair:1   | Reached skill level 10 in Armour
  8689 | Lair:2   | Found a staircase to the Snake Pit.
  9213 | Lair:2   | Got a twisted rapier
  9262 | Lair:2   | Found a staircase to the Swamp.
  9626 | Lair:2   | Identified the +8 rapier "Otis" {chaos, rPois Str-3 Int+3 Dex+2} (You found it on level 2 of the Lair of Beasts)
 10102 | Lair:3   | Noticed a four-headed hydra
 10114 | Lair:3   | Killed a four-headed hydra
 10609 | Lair:4   | Reached skill level 10 in Dodging
 10712 | Lair:4   | Reached XP level 12. HP: 87/110 MP: 11/11
 11015 | Lair:4   | Noticed Urug
 11029 | Lair:4   | Killed Urug
 11303 | Lair:5   | Found a viscous altar of Jiyva.
 11304 | Lair:5   | Found a staircase to the Slime Pits.
 11484 | Lair:5   | You fall through a shaft!
 11484 | Lair:6   | Entered Level 6 of the Lair of Beasts
 11535 | Lair:6   | Received a gift from Trog
 11757 | Lair:5   | Noticed a seven-headed hydra
 11767 | Lair:5   | HP: 4/112 [seven-headed hydra (8)]
 11784 | Lair:5   | Slain by a seven-headed hydra

Vault maps used:
D:1:      dpeg_arrival_court, hangedman_decor_slide_cut,
          okawaru_ov_weapons_minmay
D:2:      xom_teletrap_fun, nicolae_overflow_crystal_walls,
          chequers_ecumenical_altar_grove, hangedman_decor_diamond_cutter,
          minmay_tiny_reverse_x, uniq_crazy_yiuf_cottage, uniq_robin
D:3:      first_ration
D:5:      grunt_temple_overflow_opulence, kennysheep_mini, serial_shops,
          nicolae_shop_statue_plus
D:6:      lemuel_doored_altar, serial_shops, shop, uniq_pikel,
          uniq_prince_ribbit1
D:7:      kennysheep_little_box, nicolae_dithmenos_shadow_blocks,
          grunt_temple_overflow_open, temple_green
D:8:      minmay_curly_fans, fedhas_altar_4, uniq_joseph, uniq_psyche
D:9:      erik_lair_dragon, serial_shops, nicolae_shop_waterfront,
          grunt_livestock, nicolae_transmutations_shop
Lair:1:   eino_small_chamber_without_monster, infiniplex_staircase_pool
Lair:2:   minmay_swamp_entry_worms, dummy_snake_entry
Lair:3:   lab_entry_generic, grunt_megastairs_5, lemuel_fruit_fields
Lair:4:   grunt_megastairs_4, uniq_urug
Lair:5:   minmay_lair_oklob_tunnel, slime_altar_1, minivault_11,
          serial_bayou_lagoon_a
Lair:6:   due_jungle_book

Skill      XL: |  1  2  3  4  5  6  7  8  9 10 11 12 |
---------------+-------------------------------------+-----
Axes           | 4 5 6 7 8 10 11 | 11.8
Fighting       | 4 5 6 7 8 9 11 | 11.8
Armour         | 3 4 5 7 8 9 10 11 | 11.5
Dodging        | 3 4 5 6 7 8 10 | 10.6
Crossbows      | 1 2 4 6 7 9 |  9.8

Action                   |  1- 3 |  4- 6 |  7- 9 | 10-12 || total
-------------------------+-------+-------+-------+-------++-------
Melee: Hand axe          |    75 |    62 |    21 |     3 ||   161
       Headbutt          |     6 |    20 |    74 |   155 ||   255
       Whip              |       |    51 |   239 |   489 ||   779
       Rapier            |       |       |       |    11 ||    11
 Fire: Hand crossbow     |       |       |       |     4 ||     4
       Arbalest          |       |       |       |     8 ||     8
Invok: Berserk           |       |     2 |     3 |     6 ||    11
       Burn Spellbooks   |       |       |       |     2 ||     2
       Trog's Hand       |       |       |       |     3 ||     3
       Brothers in Arms  |       |       |       |     1 ||     1
  Use: Scroll            |       |       |     9 |    17 ||    26
       Potion            |       |       |       |     2 ||     2
  Eat: Chunk             |     1 |     7 |    13 |    14 ||    35
       Ration            |       |       |       |     3 ||     3
Armor: Animal skin       |     9 |    12 |       |       ||    21
       Scale mail        |       |    10 |    10 |       ||    20
       Chain mail        |       |       |   104 |   203 ||   307
Dodge: Dodged            |    59 |    66 |    94 |   304 ||   523

Table legend:
 A = Spawn XP
 B = Non-spawn XP
 C = Spawn XP percentage of total XP
 D = Spawn monster count
 E = Non-spawn monster count
 F = Spawn count percentage of total count
 G = Total turns spent on level
                    A         B        C        D         E        F      G
               +---------+---------+-------+---------+---------+-------+---------
         Total |       0 |   29771 |   0.0 |       0 |     298 |   0.0 | 11784
               +---------+---------+-------+---------+---------+-------+---------
           D:1 |       0 |      47 |   0.0 |       0 |      25 |   0.0 |   903
           D:2 |       0 |     173 |   0.0 |       0 |      43 |   0.0 |  1383
           D:3 |       0 |     112 |   0.0 |       0 |      19 |   0.0 |   789
           D:4 |       0 |     683 |   0.0 |       0 |      18 |   0.0 |   634
           D:5 |       0 |     338 |   0.0 |       0 |      16 |   0.0 |   909
           D:6 |       0 |    1781 |   0.0 |       0 |      30 |   0.0 |   819
           D:7 |       0 |     296 |   0.0 |       0 |       6 |   0.0 |   423
           D:8 |       0 |    2414 |   0.0 |       0 |      23 |   0.0 |  1081
           D:9 |       0 |    3635 |   0.0 |       0 |      33 |   0.0 |   794
        Lair:1 |       0 |    4132 |   0.0 |       0 |      20 |   0.0 |   954
        Lair:2 |       0 |    3597 |   0.0 |       0 |      19 |   0.0 |  1137
        Lair:3 |       0 |    3405 |   0.0 |       0 |      13 |   0.0 |   773
        Lair:4 |       0 |    4457 |   0.0 |       0 |      17 |   0.0 |   701
        Lair:5 |       0 |    3844 |   0.0 |       0 |      12 |   0.0 |   369
        Lair:6 |       0 |     857 |   0.0 |       0 |       4 |   0.0 |   115
               +---------+---------+-------+---------+---------+-------+---------
